 Dungeon Crawl Stone Soup version 0.18.1-47-g9310371 (webtiles) character file.

476 juanjsm the Changer (level 7, -2/44 HPs)
             Began as an Octopode Transmuter on June 22, 2016.
             Was an Initiate of Okawaru.
             Slain by an ice beast (8 damage)
             ... on level 5 of the Dungeon.
             The game lasted 00:14:36 (3920 turns).

juanjsm the Changer (Octopode Transmuter)           Turns: 3920, Time: 00:14:37

Health: -2/44      AC:  2    Str:  9    XL:     7   Next: 10%
Magic:  8/10       EV: 12    Int: 17    God:    Okawaru [......]
Gold:   223        SH:  0    Dex: 13    Spells: 2 memorised, 6 levels left

rFire  + . .     SeeInvis .       - Unarmed
rCold  . . .     Gourm    .     (no shield)
rNeg   . . .     Faith    .     (helmet restricted)
rPois  .         Spirit   .     (no amulet)
rElec  .         Dismiss  .     n - ring of protection from fire
rCorr  .         Reflect  .     q - ring of loudness (curse)
SustAt .         Harm     .     (no ring)
MR     .....                    (no ring)
Stlth  +.........               (no ring)
                                (no ring)
                                (no ring)
                                (no ring)

@: not resistant to hostile enchantments, very unstealthy
A: almost no armour, amphibious, 8 rings, constrict 8, rugged brown scales 1,
camouflage 1, gelatinous body 1
a: Renounce Religion


You were on level 5 of the Dungeon.
You worshipped Okawaru.
Okawaru was noncommittal.
You were hungry.

You visited 2 branches of the dungeon, and saw 7 of its levels.

You collected 251 gold pieces.
You spent 28 gold pieces at shops.

Inventory:

Hand Weapons
 i - a +0 hunting sling
 w - a +1 dagger of draining
 x - a cursed +0 blowgun
 B - a +2 battleaxe of flaming
Missiles
 a - 85 arrows
 h - 21 sling bullets
 l - 11 poisoned needles
 m - 8 javelins (quivered)
 A - 3 needles of sleeping
 C - 5 poisoned tomahawks
Jewellery
 n - a ring of protection from fire (left tentacle)
 q - a cursed ring of loudness (right tentacle)
Wands
 t - a wand of slowing (27/48)
 v - a wand of random effects (23/48)
 F - a wand of flame (22/48)
Scrolls
 d - 3 scrolls of recharging {unknown}
 e - 2 scrolls of immolation {unknown}
 f - 2 scrolls of teleportation {unknown}
 j - 4 scrolls of remove curse {unknown}
 o - a scroll of enchant armour {unknown}
 r - a scroll of amnesia {unknown}
Potions
 g - a potion of brilliance
 k - 2 potions of might
 z - 2 potions of flight
Books
 b - a book of Changes

   Spells                             Type                      Level
   a - Beastly Appendage              Transmutation                1
   b - Sticks to Snakes               Transmutation                2
   c - Spider Form                    Transmutation/Poison         3
   d - Ice Form                       Ice/Transmutation            4
   e - Blade Hands                    Transmutation                5
 y - a book of Geomancy

   Spells                             Type                      Level
   a - Sandblast                      Earth                        1
   b - Passwall                       Transmutation/Earth          2
   c - Stone Arrow                    Conjuration/Earth            3
   d - Petrify                        Transmutation/Earth          4
   e - Lee's Rapid Deconstruction     Earth                        5
Comestibles
 c - 4 bread rations
 p - 4 fruits
 s - a beef jerky
 D - 3 chunks of flesh


   Skills:
 - Level 1.1 Fighting
 - Level 2.1 Dodging
 - Level 3.4 Unarmed Combat
 - Level 2.3 Spellcasting
 * Level 7.0 Transmutations


You had 6 spell levels left.
You knew the following spells:

 Your Spells              Type           Power        Failure   Level  Hunger
a - Beastly Appendage     Trmt           ####..       1%          1    #......
b - Spider Form           Trmt/Pois      ##........   14%         3    ###....


Dungeon Overview and Level Annotations

Branches:
Dungeon (6/15)             Temple (1/1) D:4

Altars:
Ashenzari
Cheibriados
Dithmenos
Fedhas
Gozag
Kikubaaqudgha
Makhleb
Nemelex Xobeh
Okawaru
Pakellas
Qazlal
Ru
Sif Muna
Trog
Vehumet
Xom
The Shining One

Shops:
D:4 *

Annotations:
D:6 juanjsm's ghost, novice SpEn


Innate Abilities, Weirdness & Mutations

You cannot wear most types of armour.
You are amphibious.
You can wear up to eight rings at the same time.
You can use your tentacles to constrict eight enemies at once.
Your skin changes colour to match your surroundings (Stealth).
Your rubbery body absorbs attacks (AC +1).
You are partially covered in rugged brown scales (AC +1, +3% HP).


Message History

You closely miss the ice beast.
You pierce the ice beast.
The ice beast is lightly wounded.
The ice beast hits you. The ice beast freezes you!
* * * LOW HITPOINT WARNING * * *
Your transformation is almost over.
You see here a falchion.
Your tentacle spike disappears.
Casting: Beastly Appendage
Confirm with . or Enter, or press ? or * to list all spells.
You turn into a venomous arachnid creature.
You are feeling hungry.
The ice beast misses you.
Your transformation is almost over.
There is a stone staircase leading up here.
The ice beast misses you.
Your transformation has ended.
The ice beast hits you.
* * * LOW HITPOINT WARNING * * *
The ice beast freezes you!
You die...

#.# # ##.#.# ...#.#
#..#.# #.... .. ... ..
#### #.# .. #..
#@######## .. #.# #..
#.Y......# ..##.#
#.###........# .....#
#............# .....#
#............# .>...#
#............# ..##.#
#..........<.# ..
#.#######........<...#
..
#.)..............#####


You could see an ice beast.

Vanquished Creatures
  A phantom (D:4)
  A crimson imp (D:5)
  An orc priest (D:4)
  3 orc wizards
  An iguana (D:3)
  A worker ant (D:4)
  A gnoll (D:3)
  6 adders
  An ooze (D:2)
  3 worms (D:2)
  2 dart slugs (D:1)
  A giant gecko (D:4)
  20 orcs
  3 ball pythons
  7 bats
  5 giant cockroaches
  10 hobgoblins
  9 jackals
  2 quokkas
  6 giant newts
  4 goblins
  5 kobolds
  4 rats
97 creatures vanquished.

Notes
Turn   | Place    | Note
--------------------------------------------------------------
     0 | D:1      | juanjsm the Octopode Transmuter began the quest for the Orb.
     0 | D:1      | Reached XP level 1. HP: 13/13 MP: 3/3
    91 | D:1      | Reached XP level 2. HP: 16/18 MP: 3/5
   422 | D:1      | Reached XP level 3. HP: 15/23 MP: 4/6
   427 | D:1      | Learned a level 3 spell: Spider Form
   779 | D:2      | Reached skill level 3 in Transmutations
  1028 | D:2      | Reached XP level 4. HP: 22/28 MP: 5/7
  1143 | D:2      | Found a deep blue altar of Sif Muna.
  1176 | D:2      | Found a snail-covered altar of Cheibriados.
  1180 | D:2      | Found a sacrificial altar of Ru.
  1180 | D:2      | Found an iron altar of Okawaru.
  1190 | D:2      | Became a worshipper of Warmaster Okawaru
  1587 | D:3      | Found a snail-covered altar of Cheibriados.
  1590 | D:3      | Reached skill level 4 in Transmutations
  1631 | D:3      | Found a shimmering altar of Xom.
  1658 | D:5      | Entered Level 5 of the Dungeon
  1755 | D:3      | Reached XP level 5. HP: 27/33 MP: 8/8
  2014 | D:3      | Reached skill level 5 in Transmutations
  2550 | D:4      | Found a staircase to the Ecumenical Temple.
  2560 | Temple   | Entered the Ecumenical Temple
  2919 | D:4      | Reached XP level 6. HP: 38/38 MP: 5/9
  3028 | D:4      | Found Ytzeic Ashra's General Store.
  3036 | D:4      | Bought a scroll of identify for 28 gold pieces
  3105 | D:4      | Reached skill level 6 in Transmutations
  3319 | D:6      | Noticed juanjsm's ghost (novice SpEn)
  3405 | D:4      | Noticed a phantom
  3535 | D:4      | Killed a phantom
  3782 | D:5      | Reached XP level 7. HP: 43/43 MP: 6/10
  3839 | D:5      | Reached skill level 7 in Transmutations
  3861 | D:5      | Gained mutation: You are partially covered in rugged brown scales (AC +1, +3% HP). [potion of beneficial mutation]
  3920 | D:5      | Slain by an ice beast

Skill      XL: |  1  2  3  4  5  6  7 |
---------------+----------------------+-----
Transmutations | 3 4 5 6 7 |  7.0
Fighting       | |  1.1
Dodging        | |  2.1
Unarmed Combat | |  3.4
Spellcasting   | |  2.3

Action                   |  1- 3 |  4- 6 |  7- 9 || total
-------------------------+-------+-------+-------++-------
Melee: Unarmed           |    70 |   173 |    20 ||   263
       Constrict         |    15 |    20 |       ||    35
       Kick              |    15 |    24 |     1 ||    40
       Tentacles         |    11 |    12 |       ||    23
       Punch             |     4 |     2 |       ||     6
 Cast: Beastly Appendage |    17 |    21 |     1 ||    39
       Spider Form       |     1 |     7 |     2 ||    10
  Use: Scroll            |       |     4 |     1 ||     5
       Potion            |       |     1 |     1 ||     2
 Stab: Distracted        |     1 |       |       ||     1
       Sleeping          |     2 |     2 |       ||     4
  Eat: Chunk             |     1 |     9 |     1 ||    11
Armor: Skin              |     3 |    25 |     1 ||    29
Dodge: Dodged            |    43 |   106 |    12 ||   161
